 Dungeon Crawl Stone Soup version 0.17-a0-2231-gd80ca38 (webtiles) character file.

1390 Ordine the Carver (level 8, -4/58 HPs)
             Began as an Octopode Fighter on Oct 29, 2015.
             Was a Follower of Dithmenos.
             Slain by a wight
             ... wielding a cursed +2 halberd
              (12 damage)
             ... on level 6 of the Dungeon.
             The game lasted 00:17:47 (6664 turns).

Ordine the Carver (Octopode Fighter)                Turns: 6664, Time: 00:17:47

Health: -4/58      AC:  1    Str: 16    XL:     8   Next: 68%
Magic:  8/8        EV: 10    Int: 10    God:    Dithmenos [*.....]
Gold:   287        SH:  8    Dex: 13    Spells: 0 memorised, 7 levels left

rFire  . . .     SeeInvis .     a - +0 long sword
rCold  . . .     Clarity  .     b - +0 shield
rNeg   . . .     SustAt   +     (helmet restricted)
rPois  .         Gourm    .     (no amulet)
rElec  .         Spirit   .     q - ring of sustain attributes
rCorr  .         Warding  .     (no ring)
rMut   .         Stasis   .     (no ring)
MR     .....                    (no ring)
Stlth  +++.......               (no ring)
                                (no ring)
                                (no ring)
                                (no ring)

@: wreathed by umbra, drained, not resistant to hostile enchantments, fairly
stealthy
A: almost no armour, amphibious, 8 rings, constrict 8, camouflage 1, gelatinous
body 1
a: Renounce Religion


You were on level 6 of the Dungeon.
You worshipped Dithmenos.
Dithmenos was aware of your devotion.
You were very hungry.

You visited 2 branches of the dungeon, and saw 7 of its levels.
You also visited: Sewer.

You collected 287 gold pieces.

Inventory:

Hand Weapons
 a - a +0 long sword (weapon)
Missiles
 e - 29 poisoned needles
Armour
 b - a +0 shield (worn)
 k - a +2 large shield
Jewellery
 q - a ring of sustain attributes (left tentacle)
Scrolls
 t - a scroll of remove curse
 u - a scroll of blinking
Potions
 c - 2 potions of might
 g - a potion of beneficial mutation {unknown}
 h - a potion of resistance
 i - a potion of poison {unknown}
 l - a potion of heal wounds {unknown}
 m - a potion of haste {unknown}
 n - 2 potions of magic {unknown}
 o - 2 potions of brilliance {unknown}
 s - a potion of curing {unknown}
Comestibles
 d - 2 bread rations
 j - 3 meat rations
 p - a fruit
 r - 2 beef jerkies


   Skills:
 + Level 6.5(6.1) Fighting
 * Level 8.8(8.3) Long Blades
 - Level 3.0(2.5) Dodging
 - Level 3.0(2.5) Shields


You had 7 spell levels left.
You didn't know any spells.

Dungeon Overview and Level Annotations

Branches:
Dungeon (6/15)             Temple (1/1) D:4

Altars:
Ashenzari
Cheibriados
Dithmenos
Elyvilon
Fedhas
Gozag
Kikubaaqudgha
Makhleb
Nemelex Xobeh
Okawaru
Qazlal
Ru
Sif Muna
Trog
Vehumet
Xom
Yredelemnul
Zin
The Shining One


Innate Abilities, Weirdness & Mutations

You cannot wear most types of armour.
You are amphibious.
You can wear up to eight rings at the same time.
You can use your tentacles to constrict eight enemies at once.
Your skin changes colour to match your surroundings (Stealth).
Your rubbery body absorbs attacks (AC +1).


Message History

You block the wight's attack.
The wight hits you from afar with an enchanted halberd.
The wight hits you from afar with an enchanted halberd.
You block the wight's attack. You block the wight's attack.
You feel less woody.
The wight hits you from afar with an enchanted halberd.
* * * LOW HITPOINT WARNING * * *
Drink which item? (? for menu, Esc to quit)
Okay, then.
Items here: )) [[ an enchanted battleaxe; a robe; an enchanted mace; a robe You hit the wight but do no damage.
Your grab misses the wight.
The wight hits you with an enchanted halberd!
* * * LOW HITPOINT WARNING * * *
You hit the wight. You grab the wight.
The wight is lightly damaged.
You constrict the wight.
The wight hits you with an enchanted halberd!
You die...

#.# #.##.# .# ....#
#.# #.##.# #.# # #.#
#.##.# #.# .
##.###.##.####.# .#
.............#.#
###.##
##.###.#####.#.##.....
##.# #.# #.#.......
##.# #.# #..)##.##.#
#... #.# #.#..@....#
.### #.# #.####z#### .
#.. ..# .# . ### ####
.. #. ###


You could see a wight.

Vanquished Creatures
  Eustachio (D:4)
  A water moccasin (D:5)
  The ghost of tosh the Poker, an amateur GrFi (D:3)
  An orc warrior (D:5)
  A centaur (D:6)
  A scorpion (D:4)
  3 wights (D:6)
  3 crimson imps
  A giant frog zombie (D:6)
  A centaur skeleton (D:5)
  A jelly (D:6)
  4 worker ants
  A hound (D:5)
  3 orc wizards
  2 orc priests (D:4)
  A hound zombie (D:5)
  9 adders
  4 gnolls (D:4)
  An adder zombie (D:5)
  2 giant geckos
  5 orcs
  2 ball pythons (Sewer)
  6 bats
  5 giant cockroaches
  6 goblins
  9 hobgoblins
  11 jackals
  A quokka (D:5)
  7 giant newts
  2 jackal skeletons (D:4)
  11 kobolds
  6 rats
  3 plants (Sewer)
116 creatures vanquished.

Notes
Turn   | Place    | Note
--------------------------------------------------------------
     0 | D:1      | Ordine the Octopode Fighter began the quest for the Orb.
     0 | D:1      | Reached XP level 1. HP: 16/16 MP: 1/1
   259 | D:1      | Reached XP level 2. HP: 21/21 MP: 2/2
  1399 | D:2      | Reached XP level 3. HP: 19/26 MP: 3/3
  1931 | D:2      | Reached XP level 4. HP: 26/33 MP: 4/4
  2138 | D:3      | Noticed tosh's ghost (amateur GrFi)
  2145 | D:3      | Killed tosh's ghost
  2145 | D:3      | Reached skill level 4 in Fighting
  2145 | D:3      | Reached XP level 5. HP: 12/38 MP: 5/5
  2186 | D:3      | Found a basalt altar of Yredelemnul.
  2189 | D:3      | Found a glowing drain.
  2350 | Sewer    | Entered a sewer
  2839 | Sewer    | Reached skill level 5 in Long Blades
  2839 | Sewer    | Reached XP level 6. HP: 30/44 MP: 6/6
  3567 | D:4      | Noticed Eustachio
  3647 | D:4      | Killed Eustachio
  3647 | D:4      | Reached skill level 5 in Fighting
  3647 | D:4      | Reached skill level 6 in Long Blades
  3647 | D:4      | Reached XP level 7. HP: 18/50 MP: 7/7
  4268 | D:4      | Found a staircase to the Ecumenical Temple.
  4352 | Temple   | Entered the Ecumenical Temple
  4400 | Temple   | Became a worshipper of Dithmenos the Shadowed
  5161 | D:5      | Entered Level 5 of the Dungeon
  5273 | D:5      | Reached skill level 7 in Long Blades
  5381 | D:5      | Reached XP level 8. HP: 43/57 MP: 8/8
  6140 | D:6      | Reached skill level 8 in Long Blades
  6423 | D:6      | Reached * piety under Dithmenos
  6664 | D:6      | Slain by a wight

Vault maps used:
D:1:      eino_arrival_water_cross
D:2:      grunt_decor_mini_mirrors
D:3:      nicolae_overflow_crystal_walls, first_bread, portal_sewer_entry_f
D:4:      minmay_temple_entry_poolview, uniq_eustachio
Temple:   grunt_circular_temple_18
Sewer:    sewer_co_scattered_pipes

Action                   |  1- 3 |  4- 6 |  7- 9 || total
-------------------------+-------+-------+-------++-------
Melee: Long sword        |    66 |   152 |   114 ||   332
  Use: Scroll            |     2 |     6 |     1 ||     9
       Potion            |       |     2 |     1 ||     3
 Stab: Sleeping          |     5 |     5 |     5 ||    15
       Distracted        |       |       |     1 ||     1
  Eat: Chunk             |     3 |     6 |     7 ||    16
       Fruit             |       |       |     1 ||     1
